 Dungeon Crawl Stone Soup version 0.27-a0-1123-g2f9bb313c0 (webtiles) character file.

Game seed: 14590482482345017304

1134 voltaire321 the Spear-Bearer (level 8, -4/63 HPs)
             Began as a Merfolk Gladiator on May 4, 2021.
             Was a Follower of Fedhas.
             Slain by a large slime creature (39 damage)
             ... on level 5 of the Dungeon.
             The game lasted 00:12:56 (5453 turns).

voltaire321 the Spear-Bearer (Merfolk Gladiator)    Turns: 5453, Time: 00:12:56

Health: -4/63      AC:  7    Str: 14    XL:     8   Next: 36%
Magic:  8/8        EV: 16    Int:  7    God:    Fedhas [*.....]
Gold:   237        SH:  0    Dex: 18    Spells: 7/7 levels left

rFire    . . .     SeeInvis .   n - +2 halberd (vamp)
rCold    . . .     Faith    .   (shield currently unavailable)
rNeg     . . .     Spirit   .   b - +0 leather armour
rPois    .         Reflect  .   j - +2 helmet
rElec    .         Harm     .   u - +0 cloak
rCorr    .         Rampage  .   (no gloves)
Will     .....                  (no boots)
Stlth    +.........             (no amulet)
HPRegen  0.20/turn              (no ring)
MPRegen  0.11/turn              (no ring)

@: no status effects
A: (nimble swimmer 2), mertail
a: Renounce Religion


You were on level 5 of the Dungeon.
You worshipped Fedhas.
Fedhas was aware of your devotion.
You visited 1 branch of the dungeon, and saw 5 of its levels.

You collected 237 gold pieces.

Inventory:

Hand Weapons
 a - a +0 trident
 n - a +2 vampiric halberd (weapon)
Missiles
 d - 4 throwing nets
 s - 8 boomerangs
 v - 37 poisoned darts (quivered)
 y - 3 curare-tipped darts
Armour
 b - a +0 leather armour (worn)
 j - a +2 helmet (worn)
 u - a +0 cloak (worn)
Jewellery
 c - a +6 ring of intelligence
 e - a ring of flight
 o - a ring of willpower
 x - an amulet of magic regeneration
Wands
 g - a wand of acid (10)
 q - a wand of digging (7)
 t - a wand of iceblast (7)
 w - a wand of flame (15)
Scrolls
 k - 2 scrolls of identify
Potions
 f - a potion of curing {unknown}
 h - a potion of berserk rage
 i - 2 potions of mutation
 l - a potion of flight
 m - a potion of lignification {unknown}
 p - a potion of might {unknown}
 r - a potion of resistance {unknown}
 z - a potion of heal wounds {unknown}


   Skills:
 + Level 5.5 Fighting
 + Level 8.1 Polearms
 + Level 5.2 Throwing
 + Level 7.5 Dodging


You had 7 spell levels left.
You didn't know any spells.
Your spell library contained the following spells:

 Spells                   Type           Power      Damage    Failure   Level
 Passwall                 Tmut/Erth      0%         N/A       65%         2
 Swiftness                Air            0%         N/A       87%         3
 Passage of Golubria      Tloc           N/A        N/A       99%         4
 Lee's Rapid Deconstruct  Erth           0%         3d5*      100%        5
 Invisibility             Hex            0%         N/A       100%        6


Dungeon Overview and Level Annotations

Branches:
Dungeon (5/15)
 Temple: D:4-7

Altars:
Fedhas
Kikubaaqudgha

Shops:
D:4 *


Innate Abilities, Weirdness & Mutations

((You are quick and stealthy near water. (Stealth+, EV+, Speed+++)))
Your lower body shifts to a powerful aquatic tail in water.


Message History

You see here a +0 short sword.
There is an open gate here.
y - 3 curare-tipped darts (gained 1)
Things that are here:
a +0 dagger; a kobold corpse You now have 237 gold pieces (gained 6).
k - 2 scrolls of identify (gained 1)
You start resting.
HP restored.
You open the door.
There is an open door here.
A kobold comes into view.
It is wielding a +0 dagger and quivering poisoned darts.
The kobold shouts!
You slice the kobold!!
You kill the kobold!
Fedhas appreciates your contribution to the ecosystem.
v - 37 poisoned darts (gained 2)
Things that are here:
a +0 dagger; a kobold corpse You open the door.
An endoplasm and a slime creature come into view. 3 endoplasms, 3 jellies and 2 slime creatures come into view.
The endoplasm quivers.
Found four items.
There is an open door here.
You barely miss the slime creature. The slime creature misses you.
The slime creature closely misses you.
Two slime creatures merge to form a large slime creature.
You puncture the large slime creature!
The large slime creature is lightly wounded.
The large slime creature hits you!
You hit the large slime creature.
You feel better.
The large slime creature is lightly wounded.
The large slime creature hits you!!
You hit the large slime creature.
The large slime creature is lightly wounded.
The large slime creature hits you!!!
Ouch! That really hurt!
You die...
Fedhas appreciates your contribution to the ecosystem.

#...###............#### ###...
#..........##.>.....#.## #...(#
#######...#####.........###...#.#
≈# ##### ######.....#..#.#.# ≈#
####### #######...###.
≈########......############..##.#
≈#..##.##...P..J##......###.##...
≈#.....##.....÷#J#.......##..#.##
≈#.....##.PPPP.#@#........'....#.
≈#.#...##JJ.J.J#.#........'......
≈#.....##.÷J.PJ#)#'#.....)'......
##.....##J.....#.#.#.[...##.....#
#.....##....P÷#.#.#....###))....
#.....##$÷.÷..##.#########.)..#.
##.....# ##########.......
.>.....#############.#.....#.....
.......##....#.#.................


You could see a large slime creature and an endoplasm.

Vanquished Creatures
  An ice beast (D:4)
  2 black bears (D:4)
  A necrophage (D:5)
  An ogre (D:5)
  3 kobold brigands (D:5)
  A water moccasin skeleton (D:5)
  A centaur skeleton (D:5)
  A hound (D:5)
  A jelly (D:3)
  An orc priest (D:5)
  2 bullfrog skeletons
  2 orc wizards
  A hound skeleton (D:4)
  Robin (D:2)
  2 adders
  3 gnolls (D:3)
  2 white imps (D:5)
  An adder zombie (D:5)
  An adder skeleton (D:4)
  2 worms (D:3)
  3 dart slugs
  2 orcs
  4 bat zombies (D:5)
  3 endoplasms
  5 giant cockroaches
  5 hobgoblins
  11 jackals
  11 kobolds
  2 quokkas (D:3)
  4 ball pythons
  6 bats
  3 frilled lizards
  11 goblins
  5 rats
105 creatures vanquished.

Vanquished Creatures (others)
  8 toadstools (D:5)
8 creatures vanquished.

Grand Total: 113 creatures vanquished

Notes
Turn   | Place    | Note
-------+----------+-------------------------------------------
     0 | D:1      | voltaire321 the Merfolk Gladiator began the quest for the
                  | Orb.
     0 | D:1      | Reached XP level 1. HP: 16/16 MP: 1/1
   402 | D:1      | Reached XP level 2. HP: 23/23 MP: 2/2
   592 | D:1      | Reached XP level 3. HP: 28/28 MP: 3/3
   821 | D:1      | You fall into a shaft and drop 1 floor!
  1283 | D:2      | Noticed Robin
  1310 | D:2      | Reached skill level 5 in Polearms
  1326 | D:2      | HP: 2/42 [Robin/+0 spear (2)]
  1327 | D:2      | Killed Robin
  1328 | D:2      | Reached XP level 4. HP: 3/34 MP: 4/4
  1918 | D:3      | Found a faded altar of an unknown god.
  2086 | D:3      | Reached skill level 5 in Dodging
  2391 | D:3      | Reached XP level 5. HP: 26/41 MP: 5/5
  3128 | D:4      | Noticed a black bear
  3139 | D:4      | Killed a black bear
  3140 | D:4      | Reached skill level 6 in Polearms
  3140 | D:4      | Reached XP level 6. HP: 32/48 MP: 6/6
  3254 | D:4      | Found Xelism's Mayhem Merchandise.
  3324 | D:4      | Noticed an ice beast
  3345 | D:4      | Killed an ice beast
  3514 | D:4      | Noticed a black bear
  3524 | D:4      | Killed a black bear
  3525 | D:4      | Reached XP level 7. HP: 49/55 MP: 7/7
  3588 | D:4      | Found a blossoming altar of Fedhas.
  3591 | D:4      | Became a worshipper of Fedhas Madash
  3760 | D:5      | Entered Level 5 of the Dungeon
  3791 | D:5      | Reached skill level 7 in Polearms
  4127 | D:5      | Reached skill level 5 in Fighting
  4439 | D:5      | Reached XP level 8. HP: 40/62 MP: 8/8
  5212 | D:5      | Reached * piety under Fedhas
  5224 | D:5      | Found an ancient bone altar of Kikubaaqudgha.
  5307 | D:5      | Reached skill level 5 in Throwing
  5315 | D:5      | Reached skill level 8 in Polearms
  5444 | D:5      | Noticed a slime creature
  5445 | D:5      | Noticed a slime creature
  5445 | D:5      | Noticed a slime creature
  5453 | D:5      | Slain by a large slime creature

Illustrated notes

Levels and vault maps discovered:
D:1:      onia_arrival_mini_spirals, layout_basic, minmay_misc_feat_rows,
          kennysheep_doodads, st_stairs_14
D:2:      layout_basic, uniq_robin
D:3:      layout_loops_ring, chequers_ecumenical_altar_simple,
          roderic_nine_men_s_morris, minmay_unequal
D:4:      layout_gridville, kennysheep_mini_moat, minmay_shop_mayhem
D:5:      cheibrodos_fertilizer, layout_layer_cave,
          lemuel_zombie_altar_kikubaaqudgha

Skill      XL: |  1  2  3  4  5  6  7  8 |
---------------+-------------------------+-----
Polearms       | 5 6 7 8 |  8.1
Fighting       | 3 4 5 |  5.5
Dodging        | 5 6 7 |  7.5
Throwing       | 3 4 5 |  5.2

Action                   |  1- 3 |  4- 6 |  7- 9 || total
-------------------------+-------+-------+-------++-------
Melee: Trident           |   113 |    42 |       ||   155
       Halberd           |       |    87 |   122 ||   209
Throw: Dart              |       |       |     6 ||     6
  Use: Potion            |     1 |       |       ||     1
       Scroll            |       |     4 |     3 ||     7
 Stab: Sleeping          |     1 |     2 |       ||     3
Armor: Leather armour    |    36 |    39 |    42 ||   117
Dodge: Dodged            |    70 |    86 |    94 ||   250

Table legend: (Time is in decaauts)
 A = Elapsed time spent in this place.
 B = Non-inter-level travel time spent in this place.
 C = Inter-level travel time spent in this place.
 D = Time resting spent in this place.
 E = Time spent auto-exploring this place.
 F = Levels seen in this place.
 G = Mean time per level.
                   A        B        C        D        E       F      G
               +--------+--------+--------+--------+--------+-----+--------+
         Total |   5509 |   5430 |     79 |   1523 |   2839 |   5 | 1101.8 |
       Dungeon |   5509 |   5430 |     79 |   1523 |   2839 |   5 | 1101.8 |
               +--------+--------+--------+--------+--------+-----+--------+

Top non-repeatable levels by time:
     D:5: 1381 daAuts
     D:4: 1178 daAuts
     D:3: 1100 daAuts
     D:1: 1050 daAuts
     D:2: 798 daAuts
